 Dungeon Crawl Stone Soup version bcrawl-1.28.4 (webtiles) character file.

Game seed: 13507522151279533255

244581 Juho the Chopper (level 7, -1/61 HPs)
             Began as a Minotaur Berserker on Jan 10, 2021.
             Was a Believer of Trog.
             Slain by a wight
             ... wielding a cursed +4 war axe
              (14 damage)
             ... on level 5 of the Dungeon.
             The game lasted 00:17:15 (3186 turns).

Juho the Chopper (Minotaur Berserker)               Turns: 3186, Time: 00:17:15

Health: -1/61      AC:  2    Str: 24    XL:     7   Next: 28%
Magic:  6/6        EV: 13    Int:  4    God:    Trog [**....]
Gold:   205        SH:  0    Dex:  9    Spells: 6/6 levels left

rFire    . . .     SeeInvis .   a - +1 hand axe
rCold    . . .     Gourm    .   (no shield)
rNeg     . . .     Faith    .   b - +0 animal skin
rPois    .         Spirit   .   (helmet restricted)
rElec    .         Reflect  .   (no cloak)
rCorr    .         Harm     .   (no gloves)
MR       .....                  (no boots)
Stlth    +.........             (no amulet)
HPRegen  0.20/turn              (no ring)
MPRegen  0.10/turn              (no ring)

@: very slightly contaminated, hasted, lightly drained, very quick
A: retaliatory headbutt, horns 2
a: Berserk, Trog's Hand, Renounce Religion


You were on level 5 of the Dungeon.
You worshipped Trog.
Trog was pleased with you.
You were hungry.

You visited 1 branch of the dungeon, and saw 5 of its levels.

You collected 310 gold pieces.
You spent 105 gold pieces at shops.

Inventory:

Hand Weapons
 a - a +1 hand axe (weapon)
Armour
 b - a +0 animal skin (worn)
 g - a +1 pair of boots
 n - a +0 pair of gloves
 w - a +0 cloak
Jewellery
 r - an uncursed amulet of the acrobat {unknown}
 s - an uncursed ring of positive energy {unknown}
Scrolls
 h - a scroll of teleportation
 i - 2 scrolls of fear {unknown}
 k - 5 scrolls of identify
 l - 2 scrolls of fog
 o - a scroll of immolation {unknown}
 p - a scroll of enchant armour {unknown}
 q - 2 scrolls of remove curse {unknown}
 u - a scroll of amnesia {unknown}
Potions
 c - a potion of mutation {unknown}
 f - a potion of degeneration {unknown}
 m - a potion of invisibility {unknown}
 t - a potion of curing {unknown}
 v - a potion of haste
Comestibles
 e - 7 rations {!d}


   Skills:
 + Level 5.3(4.9) Fighting
 + Level 6.7(6.3) Axes
 + Level 4.0(3.6) Throwing
 + Level 2.8(2.4) Armour
 + Level 3.6(3.2) Dodging
 + Level 1.0(0.7) Stealth


You had 6 spell levels left.
You didn't know any spells.
Your spell library was empty.

Dungeon Overview and Level Annotations

Branches:
Dungeon (5/12)
 Temple: D:4-7

Altars:
Dithmenos
Elyvilon
Fedhas
Gozag
Hepliaklqana
Lugonu
Okawaru
Qazlal
Ru
Sif Muna
Yredelemnul

Shops:
D:5 ?

Annotations:
D:4 3 runed translucent doors, Makratea's ghost, amateur MiFi
D:5 Morbidden's ghost, novice VSAc


Innate Abilities, Weirdness & Mutations

You reflexively headbutt those who attack you in melee.
You have a pair of horns on your head.


Message History

You hit the wight. Morbidden's ghost hits you.
You hit Morbidden's ghost but do no damage.
Morbidden's ghost is moderately damaged.
You hit the wight but do no damage.
The wight hits you with a cursed +4 war axe!
* * * LOW HITPOINT WARNING * * *
Morbidden's ghost closely misses you. You furiously retaliate!
You headbutt Morbidden's ghost, but do no damage.
You feel yourself speed up. The wight closely misses you.
Morbidden's ghost hits you.
* * * LOW HITPOINT WARNING * * *
There is an open translucent gate here.
You hit the wight but do no damage. Your headbutt misses the wight.
The wight is almost destroyed.
You hit Morbidden's ghost. Morbidden's ghost barely misses you.
You barely miss the wight. Your headbutt misses the wight.
The wight is almost destroyed.
You hit Morbidden's ghost but do no damage.
The wight hits you with a cursed +4 war axe!
You die...

####### ##.8∩8.##
#.$....∩# #8..8..8#
#∩.$_...# ##.†$.$##
..###'W@### ...
..#...z...# #..#
#.#......## #...
##.####'#.....c ###...#
#...# #.#######
.......##...# #.#
............###.####...
.............##........
...#.#...#.#.....###.#.


You could see a wight and Morbidden's ghost.

Vanquished Creatures
  Sigmund (D:2)
  A centaur (D:5)
  An ogre (D:3)
  A scorpion (D:4)
  A howler monkey (D:5)
  A crimson imp (D:4)
  A hound (D:5)
  Jessica (D:3)
  2 worker ants (D:4)
  A hound skeleton (D:4)
  3 adders
  A shadow imp (D:5)
  2 oozes
  2 worms
  A dart slug (D:2)
  5 leopard geckos
  An orc (D:2)
  2 giant cockroaches (D:3)
  4 goblins
  7 hobgoblins
  2 jackals (D:3)
  5 kobolds
  2 quokkas
  A bat (D:3)
  2 frilled lizards
  2 rats
53 creatures vanquished.

Vanquished Creatures (others)
  2 plants (D:4)
2 creatures vanquished.

Grand Total: 55 creatures vanquished

Notes
Turn   | Place    | Note
-------+----------+-------------------------------------------
     0 | D:1      | Juho the Minotaur Berserker began the quest for the Orb.
     0 | D:1      | Reached XP level 1. HP: 19/19 MP: 0/0
   193 | D:1      | Reached XP level 2. HP: 26/27 MP: 1/1
   308 | D:1      | Reached skill level 4 in Axes
  1084 | D:2      | Reached XP level 3. HP: 33/33 MP: 2/2
  1298 | D:2      | Noticed Sigmund
  1320 | D:2      | Killed Sigmund
  1321 | D:2      | Reached skill level 5 in Fighting
  1321 | D:2      | Reached skill level 5 in Axes
  1321 | D:2      | Reached skill level 1 in Throwing
  1321 | D:2      | Reached XP level 4. HP: 4/42 MP: 3/3
  1321 | D:2      | Reached XP level 5. HP: 5/48 MP: 4/4
  1732 | D:2      | Reached ** piety under Trog
  2103 | D:3      | Noticed an ogre
  2106 | D:3      | Killed an ogre
  2107 | D:3      | Reached skill level 6 in Axes
  2107 | D:3      | Reached XP level 6. HP: 56/56 MP: 5/5
  2131 | D:3      | Noticed Jessica
  2133 | D:3      | Killed Jessica
  2461 | D:3      | Found a shadowy altar of Dithmenos.
  2468 | D:3      | Found a sacrificial altar of Ru.
  2471 | D:3      | Found a blossoming altar of Fedhas.
  2472 | D:3      | Found a white marble altar of Elyvilon.
  2472 | D:3      | Found a basalt altar of Yredelemnul.
  2472 | D:3      | Found an iron altar of Okawaru.
  2472 | D:3      | Found a stormy altar of Qazlal.
  2474 | D:3      | Found a shimmering blue altar of Sif Muna.
  2475 | D:3      | Found a corrupted altar of Lugonu.
  2476 | D:3      | Found an opulent altar of Gozag.
  2477 | D:3      | Found a hazy altar of Hepliaklqana.
  2819 | D:4      | Found a runed translucent gate.
  2821 | D:4      | Noticed Makratea's ghost (amateur MiFi)
  2824 | D:4      | Found a runed translucent gate.
  2825 | D:4      | Found a runed translucent gate.
  2825 | D:4      | Identified the cursed +0 whip of Sowemasch {venom, +Rage
                  | +Inv}
  2976 | D:5      | Entered Level 5 of the Dungeon
  3001 | D:5      | Reached XP level 7. HP: 46/61 MP: 6/6
  3129 | D:5      | Found Unotodes's Magic Scroll Shop.
  3132 | D:5      | Bought a scroll of enchant weapon for 105 gold pieces
  3150 | D:5      | Reached skill level 1 in Stealth
  3162 | D:5      | Found a runed translucent gate.
  3162 | D:5      | Found a runed translucent gate.
  3162 | D:5      | Found a runed translucent gate.
  3162 | D:5      | Found an opulent altar of Gozag.
  3162 | D:5      | Noticed Morbidden's ghost (novice VSAc)
  3186 | D:5      | Slain by a wight

Skill      XL: |  1  2  3  4  5  6  7 |
---------------+----------------------+-----
Fighting       | 4 5 |  5.3
Axes           | 4 5 6 |  6.7
Throwing       | 1 2 3 4 |  4.0
Dodging        | 3 |  3.6
Stealth        | 1 |  1.0
Armour         | |  2.8

Action                   |  1- 3 |  4- 6 |  7- 9 || total
-------------------------+-------+-------+-------++-------
Melee: Hand axe          |    57 |    17 |    26 ||   100
       Headbutt          |    11 |     1 |     5 ||    17
Throw: Tomahawk          |    17 |    40 |       ||    57
Invok: Trog's Hand       |       |     1 |       ||     1
  Use: Scroll            |       |     2 |     3 ||     5
       Potion            |       |       |     1 ||     1
 Stab: Sleeping          |       |     1 |       ||     1
  Eat: Chunk             |     3 |     7 |     1 ||    11
Armor: Animal skin       |     4 |     4 |     2 ||    10
Dodge: Dodged            |    29 |    16 |    23 ||    68
